 Dungeon Crawl Stone Soup version 0.28.0-45-g0d030f2227 (webtiles) character file.

Game seed: 13007362840217224060

5333 issech the Cudgeller (level 10, -10/88 HPs)
             Began as a Troll Monk on Apr 19, 2022.
             Was a Priest of Hepliaklqana.
             Killed from afar by an electric eel (11 damage)
             ... with a bolt of electricity
             ... on level 9 of the Dungeon.
             The game lasted 00:33:38 (7930 turns).

issech the Cudgeller (Troll Monk)                   Turns: 7930, Time: 00:33:40

Health: -10/88     AC:  4    Str: 21    XL:     10   Next: 38%
Magic:  9/9        EV: 12    Int:  6    God:    Hepliaklqana [***...]
Gold:   503        SH:  5    Dex: 16    Spells: 9/9 levels left

rFire   + + .      SeeInvis +   M - +6 flail "Caih" {venom, Fly rN+ SInv}
rCold   x x .      Faith    .   (no shield)
rNeg    + . .      Spirit   .   j - +0 animal skin
rPois   .          Reflect  +   (helmet restricted)
rElec   .          Harm     .   (no cloak)
rCorr   .          Rampage  .   (gloves unavailable)
Will    .....                   (boots unavailable)
Stlth   ++........              P - amulet of reflection
HPRegen 1.04/turn               l - ring of fire
MPRegen 0.11/turn               F - ring of fire

@: flying
A: reduced essence, large, unfitting armour, claws 3, regeneration 1, shaggy fur
1, tough skin 1
a: Renounce Religion, Recall Ancestor, Ancestor Identity, Transference


You were on level 9 of the Dungeon.
You worshipped Hepliaklqana.
Hepliaklqana was most pleased with you.
You visited 2 branches of the dungeon, and saw 10 of its levels.
You also visited: Bailey.

You collected 503 gold pieces.

Inventory:

Hand Weapons
 a - a +0 mace
 e - a +2 vampiric whip
 r - a +4 vorpal flail
 s - a +0 hunting sling
 u - a +0 hand axe of flaming
 w - a +1 dagger of speed
 E - the +9 war axe of Fee Simple {spect, rF+ Will+ Str-5}
   (You found it on level 5 of the Dungeon)

   When its wielder attacks, the weapon's spirit leaps out and strikes again.
   The spirit shares a part of any damage it takes with its wielder.
   Str:       It affects your strength (-5).
   rF:        It protects you from fire.
   Will:      It increases your willpower.
 K - a +3 broad axe
 M - the +6 flail "Caih" (weapon) {venom, Fly rN+ SInv}
   (You found it in a bailey)

   It poisons the flesh of those it strikes.
   rN:        It protects you from negative energy.
   SInv:      It lets you see invisible.
   Fly:       It grants you flight.
 N - a +0 vorpal war axe
 Q - a +1 whip of draining
Missiles
 f - 232 stones
 k - 82 arrows
 o - 4 throwing nets
 p - 70 bolts
 q - 19 poisoned darts
 B - 29 boomerangs (quivered)
 D - 44 sling bullets
Armour
 b - a +0 robe
 j - a +0 animal skin (worn)
 t - an orb of guile
Jewellery
 l - a ring of fire (left claw)
 F - a ring of fire (right claw)
 P - an amulet of reflection (around neck)
Wands
 v - a wand of flame (48)
 G - a wand of iceblast (9)
Scrolls
 d - 4 scrolls of fog
 g - 4 scrolls of teleportation
 y - 3 scrolls of summoning
 z - 5 scrolls of fear
 A - 2 scrolls of silence
 C - 2 scrolls of enchant armour
 L - a scroll of acquirement
 O - a scroll of identify
Potions
 c - 2 potions of heal wounds {unknown}
 h - 2 potions of attraction {unknown}
 i - a potion of degeneration {unknown}
 m - 4 potions of haste
 n - 5 potions of curing {unknown}
 x - a potion of brilliance {unknown}
 H - 2 potions of cancellation {unknown}
 I - a potion of might {unknown}
 J - a potion of resistance {unknown}


   Skills:
 + Level 6.1 Fighting
 + Level 6.9(8.1) Axes
 + Level 7.0(8.6) Maces & Flails
 + Level 4.3 Throwing
 + Level 5.3 Dodging
 + Level 2.7 Stealth


You had 9 spell levels left.
You didn't know any spells.
Your spell library contained the following spells:

 Spells                   Type           Power      Damage    Failure   Level
 Apportation              Tloc           0%         N/A       45%         1
 Freeze                   Ice            0%         1d3       45%         1
 Summon Small Mammal      Summ           0%         N/A       45%         1
 Blink                    Tloc           0%         N/A       58%         2
 Ensorcelled Hibernation  Hex/Ice        0%         N/A       58%         2
 Call Canine Familiar     Summ           0%         N/A       83%         3
 Gell's Gravitas          Tloc           0%         N/A       83%         3
 Ignite Poison            Fire/Tmut/Pois 0%         N/A       83%         3
 Lesser Beckoning         Tloc           0%         N/A       83%         3
 Mephitic Cloud           Conj/Pois/Air  0%         N/A       83%         3
 Ozocubu's Armour         Ice            0%         N/A       83%         3
 Summon Guardian Golem    Hex/Summ       0%         N/A       83%         3
 Teleport Other           Tloc           0%         N/A       83%         3
 Alistair's Intoxication  Tmut/Pois      0%         N/A       100%        5
 Freezing Cloud           Conj/Ice/Air   0%         6-21      100%        5
 Manifold Assault         Tloc           0%         N/A       100%        5
 Dispersal                Tloc           0%         N/A       100%        6


Dungeon Overview and Level Annotations

Branches:
Dungeon (9/15)             Temple (1/1) D:5          Bailey (visited)
   Lair: D:8-11         Orc: D:9-12

Altars:
Ashenzari
Cheibriados
Dithmenos
Elyvilon
Fedhas
Gozag
Hepliaklqana
Kikubaaqudgha
Makhleb
Nemelex Xobeh
Okawaru
Qazlal
Ru
Sif Muna
Trog
Uskayaw
Vehumet
Wu Jian
Xom
Yredelemnul
Zin
The Shining One
Jiyva

Shops:
D:7 =   D:9 :


Innate Abilities, Weirdness & Mutations

Your life essence is reduced to manifest your ancestor. (-10% HP)
You are too large for most types of armour.
You have claws for hands.
Your natural rate of healing is unusually fast.
You are covered in fur. (AC +1)
You have tough skin. (AC +1)


Message History

An electric eel comes into view.
The killer bee buzzes angrily. x2
The electric eel shoots out a bolt of lightning at you!
The bolt of electricity misses you.
The bolt of electricity hits Nenetl!
The killer bee closely misses you.
You barely miss the killer bee. The killer bee stings you.
Nenetl casts a spell at the electric eel.
The puff of frost hits the killer bee!
The killer bee stings you.
The electric eel shoots out a bolt of lightning at you!
The bolt of electricity hits the killer bee!
The bolt of electricity hits you! x2; The killer bee barely misses you.
You thump the killer bee!
The killer bee is poisoned.
The killer bee is heavily wounded.
You block the killer bee's attack. The killer bee barely misses you.
The killer bee closely misses you.
Nenetl hits the killer bee with a +0 quarterstaff!
The killer bee dies!
You sock the killer bee!
You kill the killer bee!
The killer bee stings you.
The electric eel shoots out a bolt of lightning at you!
The bolt of electricity hits you! x2; The killer bee closely misses you.
Nenetl points at the electric eel and mumbles some strange words.
The puff of frost hits the killer bee!
The killer bee dies!
The electric eel shoots out a bolt of lightning at you!
The bolt of electricity hits you!
The electric eel shoots out a bolt of lightning at you!
The bolt of electricity hits you!
* * * LOW HITPOINT WARNING * * *
The bolt of electricity hits you.
* * * LOW HITPOINT WARNING * * *
The electric eel shoots out a bolt of lightning at you!
The bolt of electricity hits you!
* * * LOW HITPOINT WARNING * * *
The bolt of electricity hits you!
* * * LOW HITPOINT WARNING * * *
The electric eel shoots out a bolt of lightning at you!
The bolt of electricity hits you!
You die...

#.##≈≈≈≈≈≈≈≈≈≈## #
#.#≈≈≈≈≈≈≈≈≈≈≈≈## #
#.#≈≈≈≈≈≈≈≈≈≈≈≈≈## #
#######.#≈≈≈≈S≈≈≈≈≈≈≈≈≈##
#
#.......##≈≈≈≈≈≈≈≈≈≈≈≈≈≈#
..
#.########.≈S≈≈≈≈≈≈≈≈....
... #.# #≈R≈≈≈≈≈≈≈... ...
#.# #######.≈≈†≈≈≈≈≈...
#.# .......@##≈≈≈≈≈#.
#.##############≈≈≈##
#............# ##≈###
############.# ##[.###
#.........# ##.....##
#.........# #...##..##
#.........###..##....#
#.........##...#._...#
#..............##....#


You could see the friendly Nenetl the battlemage and 2 electric eels.

Vanquished Creatures
  Harold (D:8)
  3 yaks (D:8)
  Edmund (D:3)
  A water moccasin (D:6)
  A sky beast (D:5)
  2 orc warriors (Bailey)
  A black bear (D:7)
  A hornet zombie (D:7)
  An ice beast (D:7)
  2 ogres (D:6)
  A necrophage (D:5)
  A centaur (D:8)
  A bullfrog (D:7)
  2 scorpions (D:5)
  A wyvern skeleton (D:6)
  A water moccasin zombie (D:6)
  A killer bee (D:9)
  A howler monkey (D:5)
  A centaur zombie (D:5)
  An orc priest (D:6)
  A hound (D:4)
  4 jellies
  3 centaur skeletons
  4 iguanas
  Natasha (thrice) (D:2)
  An orc wizard (D:4)
  A hound skeleton (D:5)
  A mummy (D:8)
  3 howler monkey zombies (D:8)
  Robin (D:2)
  4 gnolls
  A howler monkey skeleton (D:3)
  11 adders
  A white imp (D:8)
  3 worms
  2 dart slugs
  22 orcs
  3 bats
  9 endoplasms
  2 giant cockroaches
  14 goblins
  12 hobgoblins
  6 jackals (D:2)
  5 quokkas
  3 ball pythons (D:1)
  15 kobolds
  2 rats
162 creatures vanquished.

Vanquished Creatures (collateral kills)
  An orc warlord (Bailey)
  An unseen horror (D:8)
  3 yaks (D:8)
  An orc warrior (Bailey)
  A centaur (D:7)
  A wyvern skeleton (D:7)
  A water moccasin skeleton (D:6)
  2 killer bees (D:9)
  2 jellies
  A killer bee zombie (D:6)
  An adder (D:5)
  A shadow imp (D:6)
  2 orcs
  A goblin (Bailey)
  A hobgoblin (Bailey)
  3 kobolds (Bailey)
23 creatures vanquished.

Vanquished Creatures (others)
  2 plants (D:2)
2 creatures vanquished.

Grand Total: 187 creatures vanquished

Notes
Turn   | Place    | Note
-------+----------+-------------------------------------------
     0 | D:1      | issech the Troll Monk began the quest for the Orb.
     0 | D:1      | Reached XP level 1. HP: 22/22 MP: 0/0
   249 | D:1      | Reached XP level 2. HP: 27/29 MP: 1/1
   301 | D:1      | Reached skill level 3 in Maces & Flails
   753 | D:2      | Reached XP level 3. HP: 36/36 MP: 2/2
   844 | D:2      | Noticed Robin
   861 | D:2      | Reached XP level 4. HP: 44/44 MP: 3/3
   863 | D:2      | Killed Robin
  1088 | D:2      | Noticed Natasha
  1110 | D:2      | Killed Natasha
  1111 | D:2      | Reached skill level 4 in Maces & Flails
  1216 | D:2      | Reached XP level 5. HP: 53/53 MP: 4/4
  1426 | D:2      | Noticed Natasha
  1444 | D:2      | Killed Natasha
  1491 | D:2      | Noticed Natasha
  1498 | D:2      | Killed Natasha
  1776 | D:3      | Found a faded altar of an unknown god.
  2266 | D:4      | Noticed Edmund
  2507 | D:3      | Killed Edmund
  2508 | D:3      | Reached XP level 6. HP: 43/62 MP: 5/5
  2777 | D:4      | Reached skill level 5 in Maces & Flails
  3371 | D:5      | Entered Level 5 of the Dungeon
  3406 | D:5      | Reached XP level 7. HP: 54/68 MP: 6/6
  3433 | D:5      | Found a snail-covered altar of Cheibriados.
  3732 | D:5      | Reached skill level 6 in Maces & Flails
  3732 | D:5      | Reached skill level 1 in Throwing
  3768 | D:5      | Found a staircase to the Ecumenical Temple.
  3884 | Temple   | Entered the Ecumenical Temple
  3894 | Temple   | Became a worshipper of Hepliaklqana the Forgotten
  3894 | Temple   | Reached * piety under Hepliaklqana
  3894 | Temple   | Reached ** piety under Hepliaklqana
  3898 | Temple   | Remembered your ancestor Nenetl as a battlemage
  4079 | D:5      | Identified the +9 war axe of Fee Simple {spect, rF+ Will+
                  | Str-5}
  4148 | D:5      | Found a shimmering altar of Xom.
  4153 | D:5      | Found an iron altar of Okawaru.
  4158 | D:5      | Found a blossoming altar of Fedhas.
  4558 | D:6      | Reached XP level 8. HP: 71/71 MP: 7/7
  4677 | D:6      | Found a basalt altar of Yredelemnul.
  4873 | D:6      | Reached skill level 1 in Axes
  5296 | D:6      | Reached *** piety under Hepliaklqana
  5638 | D:7      | Reached skill level 7 in Maces & Flails
  5757 | D:7      | Found a broken altar of Ashenzari.
  5766 | D:7      | Reached XP level 9. HP: 78/78 MP: 8/8
  6062 | D:7      | Found Himodd's Jewellery Shoppe.
  6092 | D:8      | Found a viscous altar of Jiyva.
  6205 | D:8      | Killed an unseen horror
  6206 | D:8      | Reached skill level 5 in Fighting
  6310 | D:8      | Reached skill level 5 in Axes
  6317 | D:8      | HP: 2/79 [yak (16)]
  6385 | D:8      | Reached skill level 5 in Dodging
  6447 | D:8      | Noticed Harold
  6456 | D:8      | Killed Harold
  6457 | D:8      | Reached XP level 10. HP: 57/88 MP: 9/9
  6489 | D:8      | Found a flagged portal.
  6514 | Bailey   | Entered a bailey
  6542 | Bailey   | Noticed an orc warlord
  6654 | Bailey   | Found a runed translucent gate.
  6657 | Bailey   | Found a runed translucent gate.
  6661 | Bailey   | Found a runed translucent gate.
  6832 | Bailey   | Killed an orc warlord
  6852 | Bailey   | Got the Handbook of Snow
  6863 | Bailey   | Identified the +6 flail "Caih" {venom, Fly rN+ SInv}
  7342 | D:8      | Found a glowing golden altar of the Shining One.
  7790 | D:9      | Found Hoog's Book Shoppe.
  7912 | D:9      | Found a shadowy altar of Dithmenos.
  7930 | D:9      | HP: 1/88 [electric eel/bolt of electricity (10)]
  7930 | D:9      | Killed from afar by an electric eel

Illustrated notes

Levels and vault maps discovered:
D:1:      kilobyte_arrival_exit_the_forest, layout_rooms
D:2:      layout_loops_corners, nicolae_grassy_gnolls, uniq_robin, uniq_natasha
D:3:      layout_rooms, hellmonk_ecumenical_altar_zigzags
D:4:      layout_loops_ring, minmay_fractal_squares_5, uniq_edmund
D:5:      layout_gridville, mainiacjoe_overflow_alcove_1,
          grunt_temple_overflow_diamond, minmay_temple_entry_water_ring
D:6:      layout_cave_pods, mainiacjoe_overflow_cross_hatched,
          kennysheep_generic_room_7
D:7:      layout_rooms, old_standard_altar, serial_shops, nicolae_lakefront_shop
D:8:      layout_loops_cross, tso_altar, enter_bailey_4,
          gup_ossuary_entry_pyramid, minmay_fountain_box, jiyva_altar_1,
          uniq_harold
D:9:      layout_basic, nicolae_dithmenos_through_a_glass_darkly, serial_shops,
          kennysheep_little_box
Temple:   eino_temple_lava

Skill      XL: |  1  2  3  4  5  6  7  8  9 10 |
---------------+-------------------------------+-----
Maces & Flails | 3 4 5 6 7 |  7.0
Fighting       | 3 4 5 6 |  6.1
Dodging        | 3 4 5 |  5.3
Throwing       | 1 2 3 4 |  4.3
Axes           | 3 6 |  6.9
Stealth        | 2 |  2.7

Action                   |  1- 3 |  4- 6 |  7- 9 | 10-12 || total
-------------------------+-------+-------+-------+-------++-------
Melee: Mace              |    15 |       |       |       ||    15
       Whip              |    65 |   220 |       |       ||   285
       Punch             |     2 |     1 |     2 |       ||     5
       Flail             |       |    49 |    40 |     7 ||    96
       War axe           |       |       |    75 |    19 ||    94
Throw: Stone             |       |     5 |       |       ||     5
       Dart              |       |     3 |       |       ||     3
       Boomerang         |       |       |    31 |    16 ||    47
Invok: Ancestor Life: Ba |       |       |     1 |       ||     1
  Use: Scroll            |       |       |     8 |       ||     8
       Potion            |       |       |       |     1 ||     1
 Stab: Sleeping          |     1 |     2 |     2 |       ||     5
       Distracted        |       |       |     1 |     1 ||     2
Armor: Robe              |    19 |    21 |       |       ||    40
       Animal skin       |       |    34 |    40 |     1 ||    75
Dodge: Dodged            |    32 |   124 |    69 |    15 ||   240
Block: Other             |       |       |       |     1 ||     1
